General information
			
			
        
        - name: BNet
 
        - type: Ladder team game (AT/RT)
 
        - host: Battle.net
 
        - saver: blinn
 
        
map: UpperKingdom 
        - players: 6
 
        - length: 94:46
 
        - speed: Fast
 - version: 1.20 W3XP
 - replay type:  

 
» download(543 KB)
Players
        team 1 (loser) 
              
              
OrcishHorde- (
yellow | 44 APM | 4120 actions | 94:42)
              
 6 Blademaster 
 3 Wind Walk
 2 Critical Strike
 1 Bladestorm
 5 Shadow Hunter 
 3 Healing Wave
 2 Hex
 
                » actions 
                
                | Assign group hotkey | 64 |  | 
| Basic commands | 18 |  | 
| Build / train | 146 |  | 
| Enter build submenu | 47 |  | 
| Enter hero's abilities submenu | 11 |  | 
| Give item / drop item | 3 |  | 
| Remove unit from queue | 7 |  | 
| Right click | 1841 |  | 
| Select / deselect | 767 |  | 
| Select group hotkey | 838 |  | 
| Use ability | 378 |  | 
                4120 total
 » units 
                
                | Peon | 25 |  | 
| Grunt | 4 |  | 
| Shaman | 3 |  | 
| Tauren | 3 |  | 
| Troll Witch Doctor | 2 |  | 
| Demolisher | 1 |  | 
| Troll Batrider | 62 |  | 
                100 total
 » upgrades
                
                | Shaman Training | 2 |  | 
| Melee Weapons | 3 |  | 
| Witch Doctor Training | 2 |  | 
| Berserker Strength | 1 |  | 
| Pulverize | 1 |  | 
| Armor | 2 |  | 
| Spirit Walker Training | 1 |  | 
| Burning Oil | 1 |  | 
| Reinforced Defenses | 1 |  | 
| Spiked Barricades | 1 |  | 
| Liquid Fire | 1 |  | 
| Ranged Weapons | 2 |  | 
                18 total
 » buildings
                
                | Altar of Storms | 1 |  | 
| Orc Burrow | 8 |  | 
| Barracks | 2 |  | 
| Voodoo Lounge | 2 |  | 
| Stronghold | 1 |  | 
| War Mill | 1 |  | 
| Fortress | 1 |  | 
| Spirit Lodge | 2 |  | 
| Tauren Totem | 2 |  | 
| Great Hall | 1 |  | 
| Watch Tower | 25 |  | 
| Beastiary | 3 |  | 
                49 total
 » build order
                00:05 Altar of Storms
00:07 Orc Burrow
00:38 Barracks
01:29 Orc Burrow
02:12 Barracks
04:32 Voodoo Lounge
04:42 Stronghold
06:38 Orc Burrow
06:45 War Mill
07:06 Fortress
07:13 Spirit Lodge
07:14 Spirit Lodge
10:10 Orc Burrow
10:12 Orc Burrow
10:20 Orc Burrow
10:22 Tauren Totem
10:52 Tauren Totem
15:15 Orc Burrow
16:22 Orc Burrow
20:29 Great Hall
24:55 Watch Tower
24:55 Watch Tower
24:56 Watch Tower
24:57 Watch Tower
24:58 Watch Tower
24:59 Watch Tower
26:01 Watch Tower
28:13 Watch Tower
28:14 Watch Tower
28:16 Watch Tower
29:25 Watch Tower
29:25 Watch Tower
29:27 Watch Tower
31:50 Watch Tower
31:51 Watch Tower
31:52 Watch Tower
33:32 Beastiary
33:33 Beastiary
33:36 Beastiary
33:46 Watch Tower
33:47 Watch Tower
33:48 Watch Tower
33:48 Watch Tower
33:49 Watch Tower
35:09 Watch Tower
35:10 Watch Tower
35:11 Watch Tower
35:11 Watch Tower
56:12 Voodoo Lounge
» items
                
                | Scroll of Town Portal | 3 |  | 
| Potion of Mana | 1 |  | 
| Orb of Lightning | 1 |  | 
| Tiny Great Hall | 1 |  | 
                6 total
  
               
              
              
Solid(x)Snake (
blue | 50 APM | 4729 actions | 94:43)
              
 7 Paladin 
 2 Holy Light
 3 Devotion Aura
 1 Resurrection
 1 Divine Shield
 
                » actions 
                
                | Assign group hotkey | 38 |  | 
| Basic commands | 10 |  | 
| Build / train | 158 |  | 
| Enter build submenu | 50 |  | 
| Enter hero's abilities submenu | 7 |  | 
| Remove unit from queue | 28 |  | 
| Right click | 2927 |  | 
| Select / deselect | 1074 |  | 
| Select group hotkey | 270 |  | 
| Use ability | 167 |  | 
                4729 total
 » units 
                
                | Peasant | 36 |  | 
| Footman | 16 |  | 
| Rifleman | 2 |  | 
| Spell Breaker | 2 |  | 
| Priest | 4 |  | 
| Knight | 9 |  | 
| Dragonhawk Rider | 9 |  | 
| Siege Engine | 1 |  | 
| Gryphon Rider | 6 |  | 
| Mortar Team | 1 |  | 
                86 total
 » upgrades
                
                | Plating | 4 |  | 
| Defend | 1 |  | 
| Swords | 3 |  | 
| Priest Training | 2 |  | 
| Lumber Harvesting | 1 |  | 
| Animal War Training | 1 |  | 
| Gunpowder | 3 |  | 
| Cloud | 1 |  | 
| Barrage | 1 |  | 
| Armor | 3 |  | 
| Storm Hammers | 1 |  | 
| Flare | 1 |  | 
| Fragmentation Shards | 0 |  | 
                22 total
 » buildings
                
                | Altar of Kings | 1 |  | 
| Barracks | 3 |  | 
| Farm | 13 |  | 
| Scout Tower | 15 |  | 
| Arcane Tower | 2 |  | 
| Arcane Vault | 2 |  | 
| Blacksmith | 2 |  | 
| Keep | 1 |  | 
| Lumber Mill | 1 |  | 
| Arcane Sanctum | 2 |  | 
| Castle | 1 |  | 
| Town Hall | 6 |  | 
| Guard Tower | 9 |  | 
| Gryphon Aviary | 2 |  | 
| Workshop | 1 |  | 
                61 total
 » build order
                00:05 Altar of Kings
00:08 Barracks
00:17 Farm
00:48 Farm
01:39 Farm
02:24 Barracks
05:18 Scout Tower
05:59 Arcane Tower
06:03 Barracks
07:18 Arcane Vault
07:24 Farm
08:00 Farm
08:27 Blacksmith
08:53 Scout Tower
09:34 Keep
09:38 Arcane Tower
10:19 Lumber Mill
10:56 Farm
11:56 Arcane Sanctum
12:00 Farm
12:51 Castle
14:24 Farm
14:58 Farm
18:13 Farm
19:08 Town Hall
23:54 Scout Tower
23:55 Scout Tower
24:33 Arcane Sanctum
27:58 Guard Tower
29:02 Town Hall
29:31 Farm
29:35 Gryphon Aviary
29:39 Workshop
29:41 Farm
29:55 Scout Tower
29:56 Scout Tower
29:58 Scout Tower
29:59 Scout Tower
30:25 Guard Tower
30:27 Guard Tower
30:29 Guard Tower
31:18 Gryphon Aviary
34:23 Farm
34:31 Blacksmith
40:00 Scout Tower
40:04 Scout Tower
40:07 Scout Tower
40:11 Scout Tower
40:14 Scout Tower
40:29 Guard Tower
40:39 Guard Tower
41:01 Guard Tower
41:08 Guard Tower
48:12 Town Hall
48:53 Town Hall
51:04 Scout Tower
51:05 Scout Tower
51:35 Guard Tower
58:59 Town Hall
60:43 Town Hall
65:12 Arcane Vault
» items
                 
               
              
              
XxX_NE_XxX (
green | 47 APM | 4429 actions | 94:26)
              
 5 Keeper of the Grove 
 2 Entangling Roots
 3 Force of Nature
 4 Priestess of the Moon 
 2 Trueshot Aura
 2 Searing Arrows
 
                » actions 
                
                | Assign group hotkey | 32 |  | 
| Basic commands | 6 |  | 
| Build / train | 74 |  | 
| Enter build submenu | 31 |  | 
| Enter hero's abilities submenu | 10 |  | 
| Remove unit from queue | 3 |  | 
| Right click | 3349 |  | 
| Select / deselect | 454 |  | 
| Select group hotkey | 398 |  | 
| Use ability | 70 |  | 
                4429 total
 » units 
                
                | Wisp | 36 |  | 
| Archer | 6 |  | 
| Dryad | 4 |  | 
| Druid of the Talon | 4 |  | 
                50 total
 » upgrades
                
                | Abolish Magic | 1 |  | 
| Improved Bows | 1 |  | 
| Reinforced Hides | 2 |  | 
| Moon Armor | 2 |  | 
| Strength of the Wild | 2 |  | 
| Strength of the Moon | 1 |  | 
                9 total
 » buildings
                
                | Altar of Elders | 1 |  | 
| Moon Well | 7 |  | 
| Ancient of War | 2 |  | 
| Tree of Ages | 1 |  | 
| Hunter's Hall | 1 |  | 
| Ancient of Lore | 5 |  | 
| Ancient of Wind | 2 |  | 
| Tree of Life | 5 |  | 
| Ancient Protector | 4 |  | 
                28 total
 » build order
                00:05 Altar of Elders
00:21 Moon Well
00:36 Ancient of War
01:46 Ancient of War
02:03 Moon Well
02:30 Moon Well
04:16 Moon Well
04:18 Moon Well
04:20 Tree of Ages
05:21 Hunter's Hall
06:40 Moon Well
07:01 Ancient of Lore
07:05 Ancient of Lore
08:11 Ancient of Wind
13:00 Moon Well
15:15 Ancient of Lore
15:20 Ancient of Lore
19:10 Tree of Life
19:19 Tree of Life
20:21 Ancient Protector
20:24 Ancient Protector
20:26 Ancient Protector
20:46 Ancient Protector
25:11 Tree of Life
25:43 Tree of Life
26:11 Ancient of Lore
26:22 Ancient of Wind
28:44 Tree of Life
» items
                 
               team 2 (winner) 
              
              
blinn (
orange | 52 APM | 4886 actions | 94:46)
              
 6 Blademaster 
 3 Wind Walk
 2 Critical Strike
 1 Bladestorm
 
                » actions 
                
                | Assign group hotkey | 240 |  | 
| Basic commands | 12 |  | 
| Build / train | 81 |  | 
| ESC pressed | 6 |  | 
| Enter build submenu | 120 |  | 
| Enter hero's abilities submenu | 7 |  | 
| Give item / drop item | 9 |  | 
| Remove unit from queue | 3 |  | 
| Right click | 2627 |  | 
| Select / deselect | 861 |  | 
| Select group hotkey | 615 |  | 
| Use ability | 297 |  | 
                4886 total
 » units 
                » upgrades
                
                | Spiked Barricades | 2 |  | 
| Ranged Weapons | 3 |  | 
| Armor | 3 |  | 
| Envenomed Spears | 1 |  | 
| Reinforced Defenses | 1 |  | 
                10 total
 » buildings
                
                | Altar of Storms | 3 |  | 
| Orc Burrow | 6 |  | 
| War Mill | 2 |  | 
| Watch Tower | 100 |  | 
| Voodoo Lounge | 3 |  | 
| Stronghold | 3 |  | 
| Beastiary | 2 |  | 
| Fortress | 3 |  | 
| Great Hall | 2 |  | 
                124 total
 » build order
                00:02 Altar of Storms
00:14 Orc Burrow
00:29 Altar of Storms
00:53 War Mill
01:29 Orc Burrow
02:08 Watch Tower
02:34 Watch Tower
03:00 Watch Tower
03:12 Voodoo Lounge
03:16 Watch Tower
03:48 Stronghold
03:48 Stronghold
03:48 Stronghold
04:44 Orc Burrow
05:07 Orc Burrow
05:10 Orc Burrow
05:38 Watch Tower
06:39 Beastiary
06:43 Beastiary
06:55 Fortress
06:56 Fortress
06:56 Fortress
07:02 Watch Tower
07:03 Watch Tower
07:06 Watch Tower
10:14 Great Hall
14:04 Voodoo Lounge
26:22 War Mill
27:54 Watch Tower
27:57 Watch Tower
27:58 Watch Tower
28:02 Watch Tower
29:00 Watch Tower
29:03 Watch Tower
29:06 Watch Tower
29:09 Watch Tower
30:06 Watch Tower
30:10 Watch Tower
30:13 Watch Tower
30:20 Watch Tower
31:11 Watch Tower
31:18 Watch Tower
31:23 Watch Tower
31:26 Watch Tower
32:19 Watch Tower
32:23 Watch Tower
32:42 Voodoo Lounge
33:24 Watch Tower
33:25 Watch Tower
33:43 Watch Tower
33:43 Watch Tower
33:50 Watch Tower
34:32 Watch Tower
34:39 Watch Tower
34:49 Watch Tower
34:54 Watch Tower
35:01 Watch Tower
35:44 Watch Tower
35:51 Watch Tower
36:06 Watch Tower
36:41 Watch Tower
36:43 Watch Tower
43:34 Watch Tower
43:35 Watch Tower
43:36 Watch Tower
43:38 Watch Tower
43:39 Watch Tower
44:49 Watch Tower
44:51 Watch Tower
44:52 Watch Tower
44:57 Watch Tower
45:00 Watch Tower
45:01 Watch Tower
57:23 Watch Tower
57:26 Watch Tower
57:27 Watch Tower
57:29 Watch Tower
60:35 Watch Tower
60:36 Watch Tower
60:38 Watch Tower
60:41 Watch Tower
60:42 Watch Tower
60:53 Watch Tower
60:55 Watch Tower
60:56 Watch Tower
60:58 Watch Tower
61:00 Watch Tower
74:22 Watch Tower
74:24 Watch Tower
75:51 Watch Tower
75:53 Watch Tower
75:54 Watch Tower
76:33 Watch Tower
76:39 Watch Tower
77:42 Watch Tower
78:40 Watch Tower
78:46 Watch Tower
79:52 Watch Tower
79:55 Watch Tower
81:15 Watch Tower
81:16 Watch Tower
82:25 Watch Tower
82:26 Watch Tower
83:29 Watch Tower
84:39 Watch Tower
84:40 Watch Tower
84:41 Watch Tower
84:42 Watch Tower
88:54 Watch Tower
88:56 Watch Tower
88:56 Watch Tower
88:57 Watch Tower
89:00 Watch Tower
89:02 Watch Tower
89:03 Watch Tower
89:04 Watch Tower
89:05 Watch Tower
91:46 Altar of Storms
91:49 Orc Burrow
92:48 Watch Tower
93:14 Great Hall
93:56 Watch Tower
93:57 Watch Tower
93:58 Watch Tower
» items
                
                | Healing Salve | 4 |  | 
| Lesser Clarity Potion | 3 |  | 
| Scroll of Speed | 1 |  | 
| Orb of Lightning | 1 |  | 
| Potion of Healing | 3 |  | 
| Scroll of Town Portal | 6 |  | 
                18 total
  
               
              
              
» 
Mata. (
purple | 77 APM | 7290 actions | 94:44)
              
 7 Warden 
 3 Shadow Strike
 3 Blink
 1 Fan of Knives
 
                » actions 
                
                | Assign group hotkey | 759 |  | 
| Basic commands | 27 |  | 
| Build / train | 158 |  | 
| ESC pressed | 19 |  | 
| Enter build submenu | 51 |  | 
| Enter hero's abilities submenu | 7 |  | 
| Give item / drop item | 9 |  | 
| Remove unit from queue | 4 |  | 
| Right click | 4258 |  | 
| Select / deselect | 1139 |  | 
| Select group hotkey | 340 |  | 
| Use ability | 510 |  | 
                7290 total
 » units 
                
                | Wisp | 91 |  | 
| Huntress | 7 |  | 
| Glaive Thrower | 2 |  | 
| Hippogryph | 10 |  | 
| Druid of the Talon | 6 |  | 
| Magnataur Warrior | 1 |  | 
                117 total
 » upgrades
                
                | Vorpal Blades | 1 |  | 
| Nature's Blessing | 1 |  | 
| Strength of the Wild | 2 |  | 
| Reinforced Hides | 2 |  | 
| Ultravision | 1 |  | 
| Druid of the Talon Training | 1 |  | 
                8 total
 » buildings
                
                | Altar of Elders | 1 |  | 
| Moon Well | 17 |  | 
| Ancient of War | 1 |  | 
| Hunter's Hall | 2 |  | 
| Tree of Ages | 4 |  | 
| Tree of Life | 17 |  | 
| Ancient of Wind | 6 |  | 
| Ancient of Wonders | 1 |  | 
                49 total
 » build order
                00:06 Altar of Elders
00:17 Moon Well
01:38 Ancient of War
01:44 Hunter's Hall
02:11 Moon Well
05:07 Tree of Ages
05:07 Tree of Ages
05:21 Moon Well
07:28 Tree of Life
08:25 Ancient of Wind
08:29 Ancient of Wind
08:30 Moon Well
10:09 Tree of Life
15:13 Tree of Life
15:17 Tree of Life
16:58 Tree of Life
17:04 Ancient of Wind
17:05 Ancient of Wind
22:27 Tree of Life
24:05 Tree of Life
26:47 Ancient of Wind
26:48 Ancient of Wind
27:34 Tree of Life
28:09 Tree of Life
32:38 Moon Well
32:40 Moon Well
33:49 Moon Well
34:57 Moon Well
35:16 Moon Well
35:56 Moon Well
36:47 Moon Well
37:08 Moon Well
38:23 Tree of Life
40:11 Moon Well
40:13 Moon Well
66:46 Tree of Life
67:15 Tree of Ages
68:16 Moon Well
68:19 Moon Well
68:41 Moon Well
69:42 Ancient of Wonders
70:36 Tree of Life
71:32 Tree of Life
76:50 Tree of Life
83:19 Hunter's Hall
87:03 Tree of Life
87:06 Tree of Life
87:34 Tree of Life
» items
                
                | Healing Salve | 3 |  | 
| Tiny Great Hall | 2 |  | 
| Orb of Lightning | 1 |  | 
| Scroll of Town Portal | 3 |  | 
                9 total
  
               
              
              
» 
Sylink (
pink | 60 APM | 5703 actions | 94:44)
              
 6 Death Knight 
 3 Death Coil
 3 Unholy Aura
 6 Dreadlord 
 3 Vampiric Aura
 2 Sleep
 1 Inferno
 
                » actions 
                
                | Assign group hotkey | 29 |  | 
| Basic commands | 73 |  | 
| Build / train | 104 |  | 
| ESC pressed | 5 |  | 
| Enter build submenu | 44 |  | 
| Enter hero's abilities submenu | 12 |  | 
| Give item / drop item | 6 |  | 
| Remove unit from queue | 2 |  | 
| Right click | 2226 |  | 
| Select / deselect | 561 |  | 
| Select group hotkey | 2505 |  | 
| Use ability | 135 |  | 
                5703 total
 » units 
                
                | Acolyte | 9 |  | 
| Ghoul | 17 |  | 
| Gargoyle | 11 |  | 
| Abomination | 2 |  | 
| Frost Wyrm | 6 |  | 
                45 total
 » upgrades
                
                | Unholy Strength | 3 |  | 
| Unholy Armor | 1 |  | 
| Ghoul Frenzy | 1 |  | 
| Disease Cloud | 1 |  | 
| Creature Attack | 3 |  | 
| Stone Form | 1 |  | 
| Creature Carapace | 3 |  | 
| Freezing Breath | 1 |  | 
                14 total
 » buildings
                
                | Altar of Darkness | 1 |  | 
| Ziggurat | 24 |  | 
| Crypt | 2 |  | 
| Nerubian Tower | 5 |  | 
| Graveyard | 1 |  | 
| Halls of the Dead | 1 |  | 
| Spirit Tower | 11 |  | 
| Tomb of Relics | 1 |  | 
| Black Citadel | 1 |  | 
| Slaughterhouse | 2 |  | 
| Sacrificial Pit | 1 |  | 
| Boneyard | 2 |  | 
                52 total
 » build order
                00:05 Altar of Darkness
00:08 Ziggurat
00:15 Crypt
01:01 Nerubian Tower
01:43 Ziggurat
02:20 Graveyard
02:34 Ziggurat
03:08 Nerubian Tower
04:35 Halls of the Dead
05:00 Ziggurat
06:07 Spirit Tower
06:36 Ziggurat
07:00 Tomb of Relics
07:14 Black Citadel
09:34 Spirit Tower
09:37 Ziggurat
09:57 Crypt
10:17 Ziggurat
10:38 Spirit Tower
10:48 Ziggurat
11:56 Spirit Tower
13:34 Slaughterhouse
13:48 Spirit Tower
14:05 Ziggurat
14:07 Ziggurat
14:08 Ziggurat
14:09 Ziggurat
14:12 Ziggurat
14:13 Ziggurat
15:05 Spirit Tower
15:07 Nerubian Tower
15:44 Slaughterhouse
15:54 Spirit Tower
15:56 Ziggurat
15:59 Ziggurat
16:00 Ziggurat
16:44 Ziggurat
17:00 Ziggurat
17:01 Ziggurat
17:02 Ziggurat
17:08 Ziggurat
18:02 Spirit Tower
18:06 Spirit Tower
19:28 Nerubian Tower
19:33 Spirit Tower
21:08 Nerubian Tower
21:09 Ziggurat
22:03 Ziggurat
23:16 Sacrificial Pit
24:02 Spirit Tower
25:01 Boneyard
25:24 Boneyard
» items
                
                | Scroll of Town Portal | 8 |  | 
| Potion of Mana | 1 |  | 
| Orb of Corruption | 2 |  | 
                11 total
  
                Chat log
          (00:08 / Allies) Mata.: climb it imho
(00:09 / Allies) blinn: eaten ur words mata
(00:16 / All) XxX_NE_XxX: gl hf
(00:18 / All) OrcishHorde-: gl
(00:54 / Allies) blinn: pfhahah
(01:14 / Allies) Sylink: my life for nerzhul
(01:21 / Allies) blinn: i built two altars what the fuck
(01:27 / Allies) Sylink: ha
(01:29 / Allies) Mata.: dual hero
(01:32 / Allies) Mata.: ez-res
(01:36 / Allies) blinn: i cancelled halfway through but still
(01:39 / Allies) blinn: half-asleep imo
(01:51 / Allies) Mata.: i built trip altars in a ffa once but it was on purpose
(01:53 / Allies) Mata.: for faster res
(02:08 / Allies) Sylink: are we towering or what the fuck
(02:13 / Allies) blinn: mountaineering
(02:15 / Allies) Mata.: mountaineering
(02:24 / Allies) Sylink: getting args then idk
(02:27 / Allies) Sylink: and wyrm
(02:42 / Allies) Mata.: sy getting rushed i think
(02:47 / Allies) Sylink: hope so
(03:06 / Allies) blinn: got like 4 peasants
(03:08 / Allies) blinn: don't know wtf blue is doin
(03:18 / Allies) Mata.: he hitting
(03:19 / Allies) Sylink: dead dk more like
(03:19 / Allies) Mata.: keep harassing tho
(03:25 / Allies) blinn: 5 peasants
(03:46 / Allies) Sylink: get paladin plze
(03:55 / Allies) blinn: blue's economy is fucked regardless
(04:01 / Allies) blinn: i am level 2 off peasants alone
(04:16 / Allies) Mata.: owned he was home free
(04:17 / Allies) Sylink: dead bm
(04:18 / Allies) Mata.: and tps anmyway
(04:19 / Allies) Sylink: got two tps
(04:21 / Allies) Mata.: haha 
(04:24 / Allies) Mata.: that's def. owned
(04:24 / Allies) Sylink: lost nothing
(04:33 / Allies) Sylink: bringing ghoul faggots to annoy
(04:33 / Allies) blinn: maybe i should ease off
(04:36 / Allies) blinn: so we can still mountaineer
(04:37 / Allies) Mata.: nah
(04:38 / Allies) Mata.: sending hunt
(05:13 / Allies) Sylink: shall we
(05:15 / Allies) Mata.: gooo
(05:46 / Allies) blinn: should i get bets or wyvs
(05:49 / Allies) blinn: make a decision
(05:50 / Allies) blinn: bats i mean
(05:56 / Allies) Mata.: wyvs
(06:21 / Allies) Sylink: c u
(06:23 / Allies) Sylink: 4 hp owned
(06:46 / Allies) Sylink: did you see that 
(06:48 / Allies) blinn: good harassing imo
(06:48 / Allies) Sylink: i tped with 4 hp
(07:12 / Allies) blinn: yes mata
(07:13 / Allies) Mata.: help me c
(07:15 / Allies) blinn: then let's do my nat
(07:42 / Allies) Sylink: shoujld harass blue more with bm
(07:47 / Allies) blinn: wanted 3
(07:49 / Allies) Mata.: he has tower now
(07:53 / Allies) blinn: creep my expo for me?
(07:55 / Allies) blinn: i'll go harass others then
(07:57 / Allies) Sylink: any wood?
(08:04 / Allies) Sylink: going to creepo
(08:28 / Allies) blinn: mid not crept
(08:47 / Allies) blinn: dual lodge dual rax
(09:04 / Allies) Sylink: going ghoul abom or something
(09:10 / Allies) Mata.: we are still mntneering
(09:15 / Allies) Sylink: im doing w/e
(09:20 / Allies) blinn: go get a minihall
(09:34 / Allies) Mata.: go expoand
(10:10 / Allies) blinn: armies massed at elf base
(10:18 / Allies) Mata.: blinn there, done that
(10:35 / Allies) Sylink: gimme wood ty
(11:46 / Allies) Mata.: qboots
(11:47 / Allies) blinn: boots of +6
(11:48 / Allies) blinn: on my bm
(11:48 / Allies) Mata.: nice
(11:48 / Allies) blinn: dayum
(12:17 / Allies) Mata.: readyblinn
(12:20 / Allies) blinn: omw bro
(12:24 / Allies) blinn: gogo
(12:28 / Allies) Mata.: go
(12:48 / Allies) Sylink: got crystal ball
(12:55 / Allies) Mata.: fuckin a
(12:59 / Allies) blinn: crown 4 me
(13:03 / Allies) Mata.: bm is gonna be pimp daddy
(13:08 / Allies) blinn: sh?
(13:13 / Allies) blinn: no
(13:14 / Allies) blinn: nevermind
(13:30 / Allies) blinn: you take tas
(13:37 / Allies) Mata.: no room
(13:42 / Allies) Mata.: stash in back of base
(13:43 / Allies) Mata.: use when they atk
(13:52 / Allies) blinn: my base nex
(13:55 / Allies) blinn: should I hide wyvs?
(13:57 / Allies) Sylink: attacking
(14:02 / Allies) Mata.: c this with me first
(14:04 / Allies) Mata.: hurrey
(14:17 / Allies) blinn: we got enough minihalls?
(14:28 / Allies) Sylink: lmao
(14:31 / Allies) Sylink: look at ghouls go
(14:31 / Allies) Mata.: one second
(14:32 / Allies) Mata.: stay there
(14:33 / Allies) blinn: this creep is done
(14:38 / Allies) Mata.: oh
(14:46 / Allies) Sylink: owned tbqh
(14:50 / Allies) blinn: tp out
(14:55 / Allies) blinn: we want to mountaineer
(15:00 / Allies) blinn: do you have siege?
(15:03 / Allies) Sylink: 3 ghouls for 3 buildings
(15:18 / Allies) Sylink: wood me mata
(15:26 / Allies) Sylink: laffing hard
(15:38 / Allies) blinn: warsong
(15:44 / Allies) Mata.: get rid of salve and shit
(15:50 / Allies) Sylink: where armies at
(16:01 / Allies) blinn: we are gonna be so fuckin prepared to mountaineer
(16:03 / Allies) blinn: let's go bro
(16:11 / Allies) Mata.: working on it
(16:20 / Allies) blinn: should we get gargs
(16:24 / Allies) Mata.: yes imho
(16:29 / Allies) Sylink: attacking again
(16:34 / Allies) blinn: don't win sylink ok
(16:50 / Allies) Sylink: found them
(17:16 / Allies) Sylink: laffin
(17:26 / Allies) Mata.: hehe sylink
(17:30 / Allies) blinn: ur army is gona die
(17:31 / Allies) Mata.: tp maybe?
(17:41 / Allies) blinn: get a few gargs
(18:18 / Allies) Sylink: lmaooo
(18:41 / Allies) blinn: those tauren
(18:43 / Allies) blinn: are gibbing
(18:45 / Allies) blinn: your ghouls
(18:51 / Allies) Sylink: switching to aboms and garg
(19:01 / Allies) blinn: don't get aboms they're not that useful for mountaineering
(19:09 / Allies) Sylink: you are mountaineering
(19:11 / Allies) Sylink: i am playing a game
(19:15 / Allies) blinn: rollin eyes
(19:25 / Allies) Sylink: niced
(19:36 / Allies) Sylink: do they have expos
(19:54 / Allies) Mata.: i dk
(20:06 / Allies) Sylink: just blue
(20:21 / Allies) Sylink: wood me
(20:29 / Allies) blinn: if we could suck all our mines
(20:36 / Allies) blinn: it would be an excellent mountaineer
(20:38 / Allies) Mata.: yes
(21:05 / Allies) blinn: ok it's coming to a head soon
(21:07 / Allies) Mata.: yes
(21:08 / Allies) Mata.: go hit sy
(21:12 / Allies) Mata.: my base has no towers
(21:20 / Allies) Mata.: get an air unit here
(21:21 / Allies) Mata.: i need vision
(21:28 / Allies) Sylink: where
(21:31 / Allies) blinn: i got it
(21:32 / Allies) blinn: np
(21:34 / Allies) Sylink: i have ball
(21:54 / Allies) Sylink: thjey all came
(22:06 / Allies) Mata.: not blue
(22:11 / Allies) Sylink: really
(22:18 / Allies) Mata.: erally
(22:35 / Allies) Sylink: fortress undead
(22:45 / Allies) Mata.: getting 5 off dis
(22:59 / Allies) Mata.: guess not1
(23:03 / Allies) blinn: almost
(23:16 / Allies) blinn: can i tp up yet
(23:23 / Allies) Sylink: why didnt i get wyrms by now
(23:24 / Allies) Mata.: sylink make em tp
(23:37 / Allies) blinn: i need to tp soon
(23:38 / Allies) Mata.: go Low upkeep wyvern maybe
(23:46 / Allies) Mata.: get workers out etc i don't have main on the summit yet
(23:51 / Allies) blinn: gotta go quick
(24:23 / Allies) blinn: i got like 13k its good
(24:33 / Allies) Mata.: you can tp to that any tyme
(24:39 / Allies) blinn: waiting for it to be in a non bugged position
(24:41 / Allies) blinn: so i don't miss
(24:53 / Allies) Mata.: it is now pertty mcuh
(25:04 / Allies) Sylink: wood
(25:12 / Allies) Sylink: lumber shitload now
(25:37 / Allies) blinn: ok let's clear these trees
(25:39 / Allies) blinn: and go
(25:46 / Allies) Mata.: take care of thigns topsidfe
(25:47 / Allies) Sylink: i will make great fortress to delay
(25:51 / Allies) Mata.: i got some bot i need to take care of
(25:58 / Allies) Mata.: don't spend too much gold sy
(26:04 / Allies) blinn: i got 13k we good
(26:06 / Allies) blinn: i been jewin
(26:08 / Allies) Sylink: you guys have plenty
(26:13 / Allies) Sylink: getting wyrm now
(26:30 / Allies) Mata.: got 5 then
(26:43 / Allies) blinn: hide a wisp mata
(26:54 / Allies) Mata.: main out
(27:42 / Allies) Sylink: harvesting wisp
(28:19 / Allies) Sylink: not even crept
(28:43 / Allies) blinn: i love how all their shit is ground
(28:47 / Allies) Mata.: ya
(28:48 / Allies) blinn: a rude awakening :o
(29:12 / Allies) Sylink: orcish hordes
(29:17 / Allies) Mata.: nice
(29:19 / Allies) Mata.: also share sy
(29:22 / Allies) Sylink: lmao
(29:28 / Allies) blinn: mata you gotta loan me some lum
(29:38 / Allies) blinn: also am i completely towering up top or just edges?
(29:46 / Allies) Sylink: ne has shit other than main
(29:48 / Allies) Mata.: edges for now
(29:49 / Allies) Sylink: orc has most of shit
(29:51 / Allies) Mata.: try to fit a shop up there or some shit
(29:55 / Allies) blinn: will dew
(30:10 / Allies) Sylink: lotsa wyrm in this bitch
(30:13 / Allies) Mata.: me gettin owned
(30:25 / Allies) Sylink: hahaha
(30:42 / Allies) Sylink: can i tp to that walking tree
(30:42 / Allies) Mata.: hmm
(30:45 / Allies) Mata.: yes
(30:46 / Allies) blinn: yes you can
(30:47 / Allies) Mata.: do it
(30:49 / Allies) Sylink: k
(30:51 / Allies) blinn: bring gargs
(30:51 / Allies) Sylink: i will
(30:52 / Allies) blinn: mad gargs
(30:55 / Allies) blinn: like 100 food if you can
(30:56 / Allies) Sylink: i mean for reference
(30:59 / Allies) Sylink: mad wyrm
(31:00 / Allies) Sylink: faggo
(31:04 / Allies) blinn: oh wyrms
(31:06 / Allies) blinn: yeah i suppose
(31:18 / Allies) Mata.: go 100/100 then tp up i guess
(31:19 / Allies) Mata.: actually
(31:26 / Allies) Sylink: going to harass to fuck
(31:27 / Allies) Mata.: maybe build boneyard up here if you want
(31:29 / Allies) blinn: yes this is what I should have done
(31:34 / Allies) Sylink: wioo dme now
(31:45 / Allies) blinn: if they fucking leave
(31:47 / Allies) blinn: when their ne dies
(31:51 / Allies) blinn: ur banned sylink
(31:56 / Allies) Mata.: they won't
(31:58 / Allies) Mata.: they are winning
(32:07 / Allies) Mata.: i mean not looking @ mountain wise
(32:28 / Allies) blinn: ok edges are towered
(32:49 / Allies) Mata.: okay put up a shoppe there
(32:55 / Allies) blinn: already builden
(33:04 / Allies) blinn: is there a market place on this map
(33:08 / Allies) Mata.: make the outer edge layer 2 towers thick
(33:12 / Allies) Mata.: nope, nowhere to buy items :((
(33:17 / Allies) Sylink: lmao
(33:21 / Allies) Sylink: micro my towers plz
(33:31 / Allies) blinn: clouded
(33:39 / Allies) Sylink: oh well
(33:56 / Allies) Mata.: sy your main has to last a while
(34:00 / Allies) Mata.: i have some tech there i need
(34:07 / Allies) Sylink: k
(34:11 / Allies) Sylink: loading up on tps
(34:18 / Allies) Mata.: don't be a hero but still, make it last
(34:23 / Allies) Sylink: im not losing shit
(34:28 / Allies) blinn: go cancel some expos if you can
(34:49 / Allies) Mata.: pumping some dott
(35:25 / Allies) Mata.: you got some wells in the back of yo base 
(35:33 / Allies) Sylink: k
(35:36 / Allies) blinn: i say try get to 100/100 mata
(35:39 / Allies) Mata.: make a beautiful summit, blinn
(35:44 / Allies) Mata.: yeah i will pump as long as they let me
(35:46 / Allies) blinn: already underway
(36:02 / Allies) Mata.: getting some wells down here
(36:21 / Allies) blinn: ok towers are done
(36:27 / Allies) Sylink: they roaming
(36:30 / Allies) Sylink: preparing for me
(36:37 / Allies) Mata.: i'm at 60 food
(36:41 / Allies) Mata.: that's 20 up
(36:44 / Allies) Sylink: im at 90
(36:53 / Allies) blinn: go the whole hog imo
(36:59 / Allies) Sylink: not much gold left
(37:00 / Allies) Mata.: yes
(37:00 / Allies) Mata.: am
(37:01 / Allies) Sylink: conserving
(37:02 / Allies) Sylink: for tps
(37:12 / Allies) Mata.: it begins
(37:27 / Allies) Mata.: and like that, it ends
(37:30 / Allies) Mata.: i'm bugging out
(37:55 / Allies) blinn: yeah summit is done
(37:56 / Allies) Mata.: tp an shit
(37:56 / Allies) blinn: there's some room
(38:15 / Allies) Sylink: going on expo logans run
(38:19 / Allies) blinn: this hasn't been expo'd
(38:25 / Allies) Mata.: he he
(38:29 / All) OrcishHorde-: gg
(38:32 / Allies) blinn: don't know how long it'll last but you can try
(38:32 / All) Sylink: gg
(38:33 / All) Mata.: gg...
(38:36 / All) blinn: fuck
(38:39 / All) blinn: our last base . . .
(38:50 / All) OrcishHorde-: Fuck, my exp
(39:01 / Allies) blinn: cancel
(39:05 / Allies) Mata.: did
(39:08 / Allies) blinn: good call
(39:15 / Allies) blinn: 75 is good
(39:17 / Allies) blinn: very good
(39:28 / Allies) blinn: you bringen these up?
(39:34 / Allies) Mata.: is done
(39:44 / Allies) blinn: should i build more towers on top or leave space for buildings?
(39:50 / Allies) Mata.: do we need buildings?
(39:51 / Allies) Mata.: really now
(39:55 / Allies) blinn: sy
(39:57 / Allies) blinn: take the aviaries
(40:02 / Allies) Mata.: own the gryphons mb
(40:04 / Allies) blinn: yes
(40:05 / Allies) blinn: agreed
(40:09 / Allies) blinn: where are you going
(40:12 / Allies) blinn: o well
(40:15 / Allies) Sylink: checking exos faggo
(40:27 / Allies) blinn: so mata is that a y or an n for building more towers
(40:30 / Allies) Mata.: you are their last target sy so be care full
(40:35 / Allies) Mata.: hold off on them for now
(40:42 / Allies) Mata.: dang
(40:43 / Allies) blinn: darn
(40:49 / Allies) Mata.: sy
(40:50 / Allies) Sylink: fucking that hsit
(40:52 / All) blinn: our last base . . .
(40:52 / Allies) Mata.: kill that 6
(40:56 / Allies) Mata.: i need the itemz
(41:00 / Allies) Mata.: the tracker
(41:07 / Allies) blinn: boots
(41:08 / Allies) Mata.: very nice
(41:09 / Allies) blinn: nice
(41:09 / Allies) Mata.: qboots
(41:20 / Allies) blinn: imo
(41:21 / Allies) blinn: pick off
(41:44 / Allies) blinn: kill them ??
(41:57 / Allies) Mata.: sy the orc has soem bats
(42:11 / Allies) Mata.: leave no wyrm behind
(42:19 / Allies) Sylink: creeping last shit
(42:25 / Allies) Mata.: meet ya there
(42:37 / Allies) Mata.: they found the mountain
(42:37 / All) Solid(x)Snake: LOL
(43:17 / Allies) Mata.: armies are there
(43:19 / Allies) Mata.: heading to the mountain
(43:24 / Allies) blinn: towers y/n
(43:27 / Allies) Mata.: they are ignoring you sy
(43:32 / Allies) Mata.: yeah sure a few more why not
(43:34 / Allies) Sylink: good
(43:44 / Allies) Sylink: mata
(43:46 / Allies) Sylink: take pendant
(43:47 / Allies) Sylink: from dreadlord
(44:12 / Allies) blinn: item trading snafu?
(44:13 / Allies) Sylink: droip wards mata
(44:14 / Allies) Sylink: take pendant
(44:22 / Allies) Mata.: okay take wards
(44:38 / Allies) blinn: lum mata
(44:39 / Allies) blinn: please sir
(44:47 / Allies) Sylink: too bad no wisp here
(44:48 / Allies) Sylink: to expo
(44:57 / Allies) Mata.: sy if you lose heroes
(44:58 / Allies) Mata.: never getting back
(45:01 / Allies) Sylink: truth
(45:04 / Allies) Sylink: they gboth have tps
(45:14 / Allies) blinn: be ready to tp at ALL TIMES :O
(45:32 / Allies) Mata.: hmm
(45:33 / Allies) Mata.: yep
(45:33 / Allies) Sylink: oh well good run
(45:34 / Allies) Mata.: good call
(45:39 / Allies) blinn: wrong one
(45:40 / Allies) blinn: oh well
(45:41 / Allies) Sylink: sup
(45:46 / Allies) Mata.: haha
(45:52 / Allies) Sylink: front line fighers
(46:01 / Allies) Mata.: we should kill this main
(46:13 / Allies) blinn: whose
(46:13 / Allies) Sylink: to reveal our true power?
(46:24 / Allies) Mata.: my bottom one
(46:25 / Allies) Mata.: but it can wait
(46:31 / Allies) Mata.: getting more lumwisp
(46:40 / Allies) Sylink: kill yellow workers
(46:43 / Allies) Sylink: there like ten thousand
(46:44 / Allies) blinn: not many free trees
(46:50 / Allies) blinn: trail of tears?
(46:52 / Allies) Mata.: trail
(46:54 / Allies) Mata.: of tears
(47:03 / Allies) Sylink: at least we know they close to broke
(47:07 / Allies) Sylink: if he didnt build
(47:20 / Allies) Sylink: should clear rest of mountain
(47:24 / Allies) Sylink: make more towers on lower level
(47:35 / Allies) Mata.: second level is bombardable
(47:35 / Allies) blinn: they can hit
(47:36 / Allies) Mata.: by air
(47:37 / Allies) blinn: lower level with siege
(47:38 / Allies) Mata.: i mean
(47:39 / Allies) Mata.: by siege
(47:44 / Allies) Sylink: \oh
(47:49 / Allies) Mata.: it's begun btw
(48:01 / Allies) Mata.: watch out for batz
(48:03 / Allies) Sylink: good times
(48:06 / Allies) Sylink: i kille dhis shop
(48:09 / Allies) blinn: get ur shit ready mata
(48:11 / Allies) Sylink: so he has to have made another
(48:27 / Allies) Sylink: i could make necropolis up heree
(48:28 / Allies) blinn: can we draw them up?
(48:35 / Allies) Mata.: necropolis, but what for?
(48:38 / Allies) Sylink: idk
(48:42 / Allies) Sylink: true
(48:45 / Allies) Mata.: how
(48:46 / Allies) Sylink: haha
(48:47 / Allies) Mata.: by the way
(48:54 / Allies) Sylink: hope they get minhall
(48:55 / Allies) Sylink: and tp up
(48:58 / Allies) Sylink: so siege can get closer
(49:01 / Allies) Mata.: one team did that to us
(49:03 / Allies) Mata.: it was pretty crazy
(49:10 / Allies) Mata.: they might be
(49:16 / Allies) blinn: do they have warden?
(49:17 / Allies) Sylink: they need warden to do it
(49:20 / Allies) Sylink: no
(49:23 / Allies) Sylink: kotg and potm
(49:31 / Allies) Sylink: well
(49:36 / Allies) Sylink: \no bats
(49:37 / Allies) Sylink: man
(49:38 / Allies) Mata.: can ne even build herose?
(49:42 / Allies) Sylink: just go for it
(49:50 / Allies) blinn: mata control your air
(49:52 / Allies) Sylink: ne lost base
(49:54 / Allies) Mata.: coil the bats
(49:57 / Allies) blinn: agreed
(50:01 / Allies) Mata.: sorry am harassing with warden
(50:14 / Allies) Sylink: luring with invincible warm
(50:18 / Allies) Sylink: wyrm
(50:43 / Allies) Mata.: they don't seem to have expos
(50:45 / Allies) Mata.: predicting victory
(50:47 / Allies) blinn: go around
(50:48 / All) Sylink: gg
(50:49 / Allies) blinn: kill all workers
(50:52 / Allies) Mata.: am
(50:54 / Allies) blinn:  a l l   w o r k e r s
(50:55 / Allies) Mata.: owned
(50:56 / Allies) Sylink: declaring victory
(50:59 / Allies) Mata.: yep
(51:20 / Allies) Sylink: can i kill a well
(51:20 / Allies) blinn: i can see em
(51:22 / Allies) Sylink: so heroes can get range
(51:24 / Allies) Mata.: sure w/e
(51:26 / Allies) Mata.: drink it up first
(51:27 / Allies) Mata.: then kill
(51:39 / Allies) blinn: everything full hp/manner
(51:52 / Allies) blinn: coil bats
(52:04 / Allies) Sylink: they have to get close
(52:11 / Allies) Sylink: we can take that air
(52:12 / Allies) Sylink: honestly
(52:13 / Allies) Sylink: 4 bats
(52:15 / Allies) blinn: yes but
(52:17 / Allies) Mata.: i am wiping expos
(52:20 / Allies) blinn: it's against the mountaineering plan
(52:28 / Allies) Sylink: brb
(52:32 / Allies) Sylink: pissding in ur mouth
(52:36 / Allies) Sylink: dont let my shit die ok
(52:41 / Allies) blinn: yay
(52:42 / Allies) Mata.: letting sy's shit die in 5
(52:42 / Allies) Mata.: 4
(52:43 / Allies) blinn: yaya
(52:58 / Allies) blinn: inferno
(53:01 / Allies) blinn: would be quite useful i imagine
(53:07 / Allies) Mata.: hehe
(53:09 / Allies) Mata.: gonna be mad imba
(53:13 / Allies) blinn: cause panic and then when they running around
(53:14 / Allies) blinn: we can kill air
(53:21 / Allies) Sylink: back
(53:30 / Allies) Mata.: or just the AOE stun from hell
(53:30 / Allies) Sylink: im 80 xp from inferno
(53:32 / Allies) Sylink: infernal
(53:45 / Allies) Sylink: this uncrept
(53:51 / Allies) blinn: they're gone from the mountain
(53:53 / Allies) blinn: watchur back mata
(53:54 / Allies) Sylink: where da armies at
(53:57 / Allies) blinn: check
(53:58 / Allies) Mata.: i have level 3 blink
(54:02 / Allies) Mata.: they were there last
(54:04 / Allies) Mata.: chasing  me
(54:05 / Allies) blinn: check fount
(54:05 / Allies) blinn: maybe
(54:11 / Allies) Mata.: you have the orb
(54:14 / Allies) Mata.: i don't want to find them
(54:15 / Allies) Sylink: we have no wisp down correct
(54:15 / Allies) blinn: cooldown i used it
(54:27 / Allies) blinn: we have a lot of wisp down
(54:28 / Allies) Sylink: should hide a main somewhere
(54:30 / Allies) Sylink: and make more
(54:34 / Allies) Sylink: thene xpand with those
(54:40 / Allies) blinn: they need to at least
(54:42 / Allies) blinn: try the mountain once
(54:47 / Allies) Sylink: guy stopped making bat
(54:53 / Allies) Mata.: they are broke
(54:53 / Allies) Sylink: i dont think he can make a shop
(54:54 / Allies) Mata.: and chasing me
(55:02 / Allies) blinn: mata have you killed all workers in mains?
(55:07 / Allies) blinn: if so we've already won
(55:08 / Allies) Mata.: yope
(55:08 / Allies) Sylink: orc has some
(55:12 / Allies) Mata.: but there are workesr there
(55:15 / All) Sylink: gg
(55:20 / All) OrcishHorde-: leave then
(55:26 / All) blinn: but we won?
(55:27 / All) Mata.: we won sorry
(55:30 / All) XxX_NE_XxX: no skills wut so ever
(55:30 / All) OrcishHorde-: lol?
(55:35 / All) blinn: 1v1?
(55:38 / Allies) Mata.: they are camping that
(55:40 / All) XxX_NE_XxX: sure
(55:43 / All) Solid(x)Snake: nah we beat the shit outta you...you guys hidn scared
(55:43 / Allies) Sylink: i fi could get back down
(55:45 / Allies) blinn: cocka imo
(55:45 / Allies) Sylink: it would be peachy
(56:06 / Allies) Mata.: their only expo
(56:09 / Allies) blinn: this clear btw
(56:12 / Allies) blinn: i reckon you could try take
(56:15 / Allies) Sylink: 'imho
(56:19 / Allies) Sylink: stack all items on warden
(56:23 / Allies) Mata.: nah they runnin around like mad
(56:25 / Allies) blinn: ya i got boots and crown
(56:25 / Allies) Sylink: switch out boots
(56:31 / Allies) Mata.: brt
(56:43 / Allies) blinn: dont know if drums would help
(56:44 / Allies) blinn: probably now
(56:47 / Allies) blinn: actuall mata
(56:51 / Allies) blinn: move drums to lower tier
(56:55 / Allies) blinn: it'll help our air more
(57:05 / Allies) blinn: put on dl or whatever
(57:08 / Allies) Sylink: give drum to dl
(57:09 / Allies) Mata.: item deliery for an S. Link
(57:15 / Allies) Sylink: ty
(57:49 / Allies) Sylink: blade gets claws and pendant
(57:50 / Allies) Mata.: imba warden
(57:54 / Allies) Sylink: if only blade could get back down
(57:57 / Allies) blinn: yeah
(58:00 / Allies) blinn: i could probably do some shit
(58:08 / Allies) Sylink: patrllling
(58:17 / Allies) blinn: who is?
(58:23 / Allies) Sylink: dhawks
(58:33 / Allies) Sylink: we could take their army probably
(58:36 / Allies) blinn: easy 
(58:42 / Allies) blinn: but why ruin a beautiful summit
(58:44 / Allies) Sylink: if we could get down
(58:52 / Allies) blinn: we can it's just about when
(58:54 / Allies) Mata.: 2 wisps
(58:55 / Allies) Mata.: down
(58:58 / Allies) blinn: crap
(58:59 / Allies) Sylink: duke ragereaver surveys his kingdom
(59:13 / Allies) Mata.: alsa down in the field
(59:14 / Allies) Mata.: doing dirty work
(59:25 / Allies) blinn: kigami chillin on the top
(59:34 / Allies) Sylink: laffin
(59:40 / Allies) Mata.: means they have a new one
(59:49 / Allies) blinn: buyen a panda
(59:58 / Allies) Mata.: getting him topside would be pain
(60:04 / Allies) blinn: tis a joke anyway i have no food
(60:19 / Allies) Mata.: that's their new main
(60:52 / Allies) Mata.: speediest nigger in town
(61:01 / All) OrcishHorde-: If you won, come for my base
(61:08 / All) Sylink: we going afk c u
(61:12 / All) Sylink: we win in 8 hours
(61:14 / All) XxX_NE_XxX: c u
(61:20 / All) Solid(x)Snake: nah
(61:28 / All) blinn: outplay, outwit, outlast . . . .
(61:53 / Allies) blinn: hide and heal?
(61:55 / Allies) blinn: idk
(62:14 / Allies) Mata.: nobody can outrun alsa sadly
(62:22 / Allies) blinn: blink up there
(62:24 / Allies) blinn: for sight
(62:29 / Allies) Mata.: hehe okey
(62:37 / Allies) blinn: alsa surveys
(62:37 / Allies) Mata.: ain't see shit
(62:38 / Allies) Sylink: haha
(62:42 / Allies) Sylink: orc mining
(62:42 / Allies) blinn: go 1 up
(62:47 / Allies) blinn: oh you cant
(62:50 / Allies) Mata.: no room
(62:55 / Allies) Sylink: hjahaha
(62:57 / Allies) blinn: 1 bat
(62:59 / Allies) Mata.: bat died
(63:25 / Allies) Mata.: get some air out here mb
(63:29 / Allies) blinn: bringen
(63:52 / Allies) Mata.: nevermind
(63:54 / Allies) Mata.: it not worth dying for
(63:59 / Allies) blinn: they weren't fast enough
(64:23 / Allies) blinn: they still got 14k dayum
(64:39 / Allies) Mata.: yope
(64:44 / Allies) blinn: and on there
(64:47 / Allies) Sylink: i think i have nerve damage in my hands
(64:52 / Allies) Mata.: is dat so
(65:21 / Allies) blinn: mata if they campen their army
(65:25 / Allies) blinn: why don't you just go kill everything else
(65:45 / Allies) Sylink: if i could get down
(65:46 / Allies) Sylink: i would help
(65:57 / Allies) blinn: hmm maybe we should put up a tol and port down
(66:14 / Allies) Sylink: it would be worth it for blade
(66:18 / Allies) Sylink: you could hide
(66:29 / Allies) blinn: what say you mata?
(66:31 / Allies) Mata.: if you want a tol down
(66:31 / Allies) Mata.: sure
(66:38 / Allies) blinn: may as well
(66:46 / Allies) Sylink: then make some more wisp to hide
(66:48 / Allies) Mata.: new base
(66:53 / Allies) Sylink: bring my dka  tp please
(66:55 / Allies) Sylink: two of them
(66:58 / Allies) Sylink: if possible
(67:03 / Allies) Mata.: it's not?
(67:11 / Allies) Sylink: oh dear
(67:14 / Allies) blinn: my shop doesn't have t2
(67:16 / Allies) blinn: so . . .
(67:18 / Allies) Sylink: well i cant tp down with out tps
(67:20 / Allies) Mata.: teching, building shop
(67:25 / Allies) Mata.: you have 1 on your dread
(67:31 / Allies) Sylink: yes but if i use it
(67:33 / Allies) Sylink: how do i escape
(67:38 / Allies) Mata.: NO ESCAPE
(67:53 / Allies) Mata.: stealth strike
(67:59 / Allies) Mata.: this is ready soon
(68:02 / Allies) blinn: metal gear solid
(68:06 / Allies) blinn: solid warden
(68:18 / Allies) blinn: ok
(68:19 / Allies) blinn: tpen?
(68:25 / Allies) Mata.: wait a minute
(68:26 / Allies) blinn: or should i wait to buy another
(68:34 / Allies) Sylink: i need tps
(68:35 / Allies) Mata.: makin shop up here
(68:38 / Allies) Mata.: need wells first
(68:42 / Allies) blinn: should we kill moine
(68:52 / Allies) Sylink: might as well i dk
(68:59 / Allies) Mata.: nah
(69:01 / Allies) Mata.: we got room
(69:14 / Allies) Sylink: hjahaha
(69:16 / Allies) Sylink: hide wisp
(69:17 / Allies) Mata.: gay
(69:31 / Allies) blinn: please don't tell me that's last wisp
(69:33 / Allies) Sylink: give me a tp
(69:42 / Allies) Sylink: chasing the wisp
(69:43 / Allies) Sylink: ugh
(69:51 / Allies) Sylink: i cant tp into that
(69:55 / Allies) Mata.: yeah don't
(70:02 / Allies) blinn: use this opp
(70:03 / Allies) blinn: to
(70:07 / Allies) Sylink: orc probably warded everything
(70:22 / Allies) Mata.: shitload of bats
(70:32 / Allies) Sylink: moce
(70:33 / Allies) Sylink: nice
(70:39 / Allies) blinn: damn there is too much gold on this map
(70:52 / Allies) Sylink: they in upkeep at least
(71:22 / Allies) Mata.: okay blinn
(71:27 / Allies) Mata.: prepare for contingency X
(71:31 / Allies) blinn: which is?
(71:35 / Allies) Mata.: they find this
(71:55 / Allies) Mata.: in which case you need to tech to tier 3
(71:58 / Allies) Mata.: and i buy tiny hall
(72:09 / Allies) blinn: hmm i could tech to 3 but that would be such a pain
(72:17 / Allies) blinn: would have to kill shop etc
(72:25 / Allies) Mata.: and then get new shop
(72:43 / Allies) blinn: and i'd need to lose at least 3 towers
(72:54 / Allies) Mata.: h m m m m mm 
(72:58 / Allies) blinn: ok does everybody have enough tps
(73:00 / Allies) blinn: if so let's go down
(73:00 / Allies) Mata.: i'll dig this into the forest
(73:12 / Allies) Mata.: i'd say keep air up here
(73:17 / Allies) Sylink: well
(73:18 / Allies) Mata.: and watch out for the kotg
(73:31 / Allies) Sylink: im going to rail that
(73:40 / Allies) blinn: sy you keeping air up or what?
(73:41 / Allies) Sylink: oik
(73:42 / Allies) Sylink: c u
(73:43 / Allies) Sylink: no
(73:48 / Allies) Sylink: gambling
(74:00 / Allies) Sylink: charge of the light brigade
(74:02 / Allies) blinn: fuck
(74:03 / Allies) Mata.: wow
(74:06 / Allies) Mata.: you sent all peons down/
(74:09 / Allies) blinn: i didn't try
(74:09 / Allies) Mata.: i was gonna warn you about that
(74:12 / Allies) blinn: i moved them as far as i could
(74:14 / Allies) Mata.: you keep some down here
(74:16 / Allies) Mata.: build a tower
(74:17 / Allies) Mata.: then tp up 
(74:19 / Allies) Mata.: with a few
(74:26 / Allies) Mata.: build a tower as in keep some of them down here inside towers
(74:29 / Allies) Mata.: there
(74:30 / Allies) Mata.: tp up with rest
(74:44 / Allies) Mata.: now cancel towers
(74:46 / Allies) Sylink: fuck me
(74:53 / Allies) Sylink: lost dk
(74:56 / Allies) Sylink: got infernal
(74:58 / Allies) Sylink: mixed blessings
(75:01 / Allies) Mata.: haha
(75:06 / Allies) Sylink: i couldnt see the dk
(75:09 / Allies) Sylink: and he wouldnt move wtf
(75:18 / Allies) blinn: o
(75:19 / Allies) Sylink: well we have buddy
(75:34 / Allies) Mata.: we can res the dk with contingency X
(75:39 / Allies) Sylink: i killed some irreleveant things
(75:46 / Allies) Sylink: no we cant i have no supply
(75:48 / Allies) Sylink: and 9 wyrms
(75:56 / Allies) Mata.: just keep buying tth's
(76:00 / Allies) Mata.: until you get supply 
(76:08 / Allies) Sylink: where would i put these
(76:12 / Allies) Mata.: fuck if i know
(76:13 / Allies) Sylink: that would take 7 halls
(76:16 / Allies) Sylink: which is like 5k gold
(76:28 / Allies) Sylink: can infernal hit air
(76:28 / Allies) Mata.: start towering this blinn imho
(76:31 / Allies) Mata.: no?
(76:43 / Allies) Mata.: watch out pleaze
(77:37 / Allies) Mata.: hehe what the hell is timg lpaying
(78:07 / Allies) Mata.: harass them away from this
(78:09 / Allies) Mata.: and keep building towers
(78:13 / Allies) blinn: really?
(78:25 / Allies) blinn: maybe?
(78:31 / Allies) Mata.: it's a ghost house but sure
(79:09 / Allies) Sylink: tower that i mo
(79:30 / Allies) Mata.: we need a foothold
(79:45 / Allies) Mata.: get outta
(80:26 / Allies) Mata.: damn i'm oom
(80:30 / Allies) blinn: i got the 6 i wanted
(80:36 / Allies) Mata.: i got 7 :-)
(80:49 / Allies) Mata.: sy
(80:51 / Allies) Mata.: should have reaveled
(80:57 / Allies) Sylink: with my dead dk
(80:57 / Allies) Mata.: heading back topside
(80:58 / Allies) Mata.: need mana
(81:13 / Allies) Mata.: keep builden
(81:27 / Allies) blinn: we don't have reveal anymore
(81:30 / Allies) Mata.: yeah
(81:32 / Allies) Mata.: figured that out
(81:38 / Allies) blinn: i think they warded fount
(81:39 / All) XxX_NE_XxX: such gays
(81:44 / All) Mata.: gg
(81:47 / All) XxX_NE_XxX: mofos 
(81:52 / All) XxX_NE_XxX: go play capture the flag
(81:56 / Allies) Mata.: ??
(81:58 / All) XxX_NE_XxX: 12 yo kids
(82:00 / Allies) Mata.: ne there
(82:03 / Allies) blinn: yes
(82:05 / Allies) blinn: i wanna heal
(82:08 / All) Sylink: go play capture the cock in your mouth
(82:10 / Allies) blinn: then gonna go to blue
(82:18 / All) XxX_NE_XxX: as i said, 12 yo
(82:20 / Allies) Mata.: heading here
(82:22 / All) XxX_NE_XxX: 8 actually
(82:22 / All) Solid(x)Snake: nah they are 10 after that remark
(82:26 / Allies) Mata.: magney
(82:29 / Allies) Mata.: the magnataur
(82:32 / All) Solid(x)Snake: 6?
(82:43 / Allies) Mata.: owned
(82:55 / Allies) Mata.: brah dd
(83:01 / Allies) Mata.: i got dis
(83:06 / Allies) blinn: sy you better be ready
(83:07 / Allies) blinn: to control air
(83:09 / All) Sylink: 10 year olds with a penchant for machiavelli niggers
(83:40 / Allies) Mata.: kill this breaker
(83:45 / Allies) Mata.: sy
(83:47 / Allies) Mata.: do this
(83:52 / Allies) blinn: sy ffs
(84:02 / Allies) Mata.: i'm controlling my air
(84:10 / Allies) blinn: ok
(84:16 / Allies) blinn: i lost ALL of mine
(84:18 / Allies) Sylink: gj
(84:22 / Allies) Mata.: use wells to control wyrms
(84:26 / Allies) Mata.: i mean
(84:27 / Allies) Mata.: heal wyrms
(84:27 / Allies) Sylink: i lost 6
(84:32 / Allies) Sylink: 3
(84:33 / Allies) Sylink: rather
(84:43 / Allies) Sylink: well i was playing guitar when you told me to key up your air
(84:44 / Allies) Sylink: thanks
(85:03 / Allies) blinn: this mine is done
(85:04 / Allies) Mata.: nice
(85:38 / All) Sylink: gg
(85:42 / All) OrcishHorde-: yep you lose
(85:48 / All) Mata.: you can't win sorry!
(85:48 / All) XxX_NE_XxX: Like a gay
(85:51 / All) XxX_NE_XxX: like a 3 yo
(85:57 / All) Sylink: brb
(86:01 / All) XxX_NE_XxX: fuck u
(86:03 / Allies) Mata.: hehe
(86:06 / All) OrcishHorde-: Bring me a peice of cake when you comeback
(86:09 / All) OrcishHorde-: mother fucker
(86:13 / All) XxX_NE_XxX: biatch
(86:28 / Allies) Mata.: ne has some chim but from where??
(86:33 / Allies) Mata.: hella this
(86:37 / Allies) Sylink: orc base
(86:57 / Allies) Sylink: nice one
(86:57 / Allies) Mata.: ugh blinn mana up okay
(87:08 / Allies) Sylink: i got this infernal
(87:10 / Allies) blinn: manner up
(87:16 / Allies) Mata.: are you afraid?
(87:23 / Allies) Sylink: death to orc
(87:24 / Allies) Mata.: allah ackbar
(87:25 / Allies) Sylink: death to ne
(87:42 / Allies) blinn: has this been checked recently
(87:46 / Allies) blinn: oh shi
(87:47 / Allies) Mata.: yep
(87:58 / Allies) blinn: i got a peone stuck inside
(88:00 / Allies) blinn: the fortress
(88:03 / Allies) Mata.: :------(
(88:04 / Allies) Mata.: dig him out
(88:34 / Allies) Mata.: defend this
(88:35 / Allies) blinn: can we check dis
(88:40 / Allies) Mata.: wisp sent
(88:49 / Allies) Sylink: this funny
(89:23 / Allies) blinn: that a lot of dead bats
(89:30 / Allies) blinn: mata
(89:33 / Allies) blinn: go finish that aviary
(89:37 / Allies) blinn: i bladestormed both
(89:41 / Allies) Mata.: is there anything there?
(89:43 / Allies) blinn: killed one the other is like very low
(90:07 / Allies) blinn: they ogn try again
(90:11 / Allies) blinn: get in position to kill hawks
(90:28 / Allies) Sylink: send dott we take it out
(90:43 / Allies) Sylink: nm
(90:44 / Allies) blinn: gonna go bstorm
(90:48 / Allies) blinn: some blue player's base
(90:50 / Allies) Mata.: harassing yellow
(90:58 / Allies) blinn: oh shit bstorming that instead
(91:24 / Allies) Sylink: wat
(91:25 / Allies) Sylink: laughing
(91:29 / Allies) blinn: saoiashdas
(91:30 / Allies) blinn: askd
(91:35 / Allies) Mata.: that not so good
(91:36 / Allies) blinn: FUCK
(91:38 / Allies) Mata.: altar
(91:54 / Allies) Sylink: dare i tp down with necropolis
(92:06 / Allies) Mata.: tp back up after
(92:12 / Allies) Sylink: guy lost bats
(92:14 / Allies) Sylink: haha
(92:20 / Allies) blinn: i can't believe i died
(92:21 / Allies) blinn: to yellow
(92:24 / Allies) blinn: so annoyed
(92:31 / Allies) Sylink: some one has to bring dread lord two tps and tinihall
(92:37 / Allies) Mata.: ugh fine
(92:38 / Allies) Mata.: alsa coming
(92:42 / Allies) Sylink: you know
(92:43 / Allies) Sylink: i could
(92:44 / Allies) blinn: you ain't getting a tiny bro
(92:44 / Allies) Sylink: infernal
(92:48 / Allies) Sylink: from other side
(92:51 / Allies) Sylink: oh you need t 3
(92:52 / Allies) Mata.: oh yeah
(92:53 / Allies) Mata.: no tiny
(92:59 / Allies) Mata.: tech up down here 
(92:59 / Allies) Mata.: pelaze
(93:33 / All) Sylink: gg
(93:39 / Allies) blinn: kigami will live again
(94:03 / Allies) Sylink: banehallow bored as FUCK
(94:06 / All) XxX_NE_XxX: hey mofo, stop saying gg when ur noob
(94:07 / Allies) blinn: mata you've been mining like mad down there
(94:08 / Allies) Mata.: hehe that's gotta be demoralizing
(94:16 / Allies) Mata.: when will they see
(94:28 / All) Mata.: gg
(94:29 / All) blinn: gg
(94:29 / All) Mata.: gg
(94:29 / All) Mata.: gg
(94:30 / All) blinn: gg
(94:31 / All) Mata.: gg
(94:31 / All) Mata.: gg
(94:32 / All) Mata.: gg
(94:33 / All) Mata.: gg
(94:33 / Allies) Mata.: gg
(94:34 / All) OrcishHorde-: fuck you noobs
(94:37 / Allies) blinn: hahaha
(94:39 / All) OrcishHorde-: Well not deserved victory
(94:40 / All) Solid(x)Snake: rather win than waste time noobs